 Dungeon Crawl Stone Soup version 0.31-a0-986-g5e6e4ef867 (webtiles) character file.

Game seed: 13585073857560974234

107 sokol815 the Poker (level 4, -10/31 HPs)
             Began as an Octopode Gladiator on Nov 4, 2023.
             Killed by divine providence
             ... invoked by an orc priest
              (17 damage)
             ... on level 3 of the Dungeon.
             The game lasted 00:03:47 (1507 turns).

sokol815 the Poker (Octopode Gladiator)             Turns: 1507, Time: 00:03:48

Health: -10/31     AC:  6    Str: 15    XL:     4   Next: 85%
Magic:  4/4        EV: 11    Int: 10    God:
Gold:   140        SH:  0    Dex: 17    Spells: 3/3 levels left

rFire   + . .        a - +1 trident (chaos)
rCold   . . .        (no shield)
rNeg    . . .        b - +1 hat
rPois   .            (no amulet)
rElec   .            o - ring of Wouschiz {rF+ AC+4 Str+2 Dex+2}
rCorr   .            (no ring)
SInv    .            (no ring)
Will    .....        (no ring)
Stlth   +++          (no ring)
HPRegen 0.25/turn    (no ring)
MPRegen 0.09/turn    (no ring)
                     (no ring)

%: no passive effects
@: constricted
A: almost no armour, amphibious, 8 rings, camouflage 1, gelatinous body 1,
(nimble swimmer 1), tentacles
a: no special abilities


You were on level 3 of the Dungeon.
You visited 1 branch of the dungeon, and saw 3 of its levels.

You collected 140 gold pieces.

Inventory:

Hand Weapons
 a - a +1 trident of chaos (weapon)
Missiles
 c - 3 throwing nets {!d}
 d - a javelin
 l - 6 boomerangs
 q - 4 poisoned darts
 s - 18 stones
Armour
 b - a +1 hat (worn)
Jewellery
 o - the ring of Wouschiz (left tentacle) {rF+ AC+4 Str+2 Dex+2}
   (You found it on level 2 of the Dungeon)

   [ring of protection]

   AC+4:      It affects your AC (+4).
   Str+2:     It affects your strength (+2).
   Dex+2:     It affects your dexterity (+2).
   rF+:       It protects you from fire.
Scrolls
 e - a scroll of fog
 n - 2 scrolls of enchant weapon
Potions
 h - a potion of mutation {unknown}
 i - a potion of degeneration {unknown}
 J - a potion of curing {@q1}


   Skills:
 + Level 3.2 Fighting
 * Level 4.7 Polearms
 - Level 2.0 Throwing
 - Level 3.0 Dodging


You had 3 spell levels left.
You didn't know any spells.
Your spell library contained the following spells:

 Spells                   Type           Power      Damage    Failure   Level
 Apportation              Tloc           0%         N/A       36%         1
 Necrotise                Necr           0%         1d4       36%         1
 Summon Small Mammal      Summ           0%         N/A       36%         1
 Sublimation of Blood     Necr           0%         N/A       50%         2
 Call Canine Familiar     Summ           0%         N/A       75%         3
 Dazzling Flash           Conj/Hex       0%         N/A       75%         3
 Summon Guardian Golem    Hex/Summ       0%         N/A       75%         3
 Volatile Blastmotes      Fire/Tloc      0%         2d10      75%         3
 Petrify                  Tmut/Erth      0%         N/A       98%         4
 Irradiate                Conj/Tmut      0%         3d11      100%        5
 Starburst                Conj/Fire      0%         6d3       100%        6
 Maxwell's Capacitive Co  Air            0%         ∞         100%        8


Dungeon Overview and Level Annotations

Branches:
Dungeon (3/15) Zot: 16482

Altars:
Okawaru

Shops:
D:2 (


Innate Abilities, Weirdness & Mutations

You cannot wear most types of armour.
You are amphibious.
You can wear up to eight rings at the same time.
Your skin changes colour to match your surroundings (Stealth+).
Your rubbery body absorbs attacks. (AC +1, EV +1)
((You are camouflaged when in or above water. (Stealth+)))
You have tentacles for arms and can constrict up to eight enemies at once.


Message History

An orc and a quokka come into view.
The orc shouts!
You hear a shout!
The orc moves out of view.
You hit the orc.
The orc is poisoned.
You grab the orc. You constrict the orc.
You kill the orc!
A goblin comes into view. It is wielding a +0 club.
Things that are here:
a +0 club; an orc corpse You reach to attack!
You closely miss the quokka.
The orc shouts!
The dart slug launches a dart at you. The slug dart misses you.
The quokka bites you.
You take 1 damage, and have 30/31 hp.
You puncture the quokka! You burn the quokka.
You kill the quokka!
You hit the orc. You grab the orc. You constrict the orc.
The dart slug launches a dart at you. The slug dart misses you.
The orc closely misses you.
You hit the orc but do no damage. You constrict the orc.
The orc closely misses you. The dart slug launches a dart at you.
The slug dart misses you.
You puncture the orc!
You kill the orc!
Health restored: 31 You closely miss the goblin.
Your grab misses the goblin. You squeeze the goblin.
You kill the goblin!
You reach to attack!
You hit the orc.
You kill the orc!
You reach to attack!
You puncture the orc!
You kill the orc!
No target in view!
No target in view!
No target in view!
A goblin comes into view. It is wielding a +0 club.
The dart slug bites you but does no damage.
You puncture the dart slug! You burn the dart slug.
You kill the dart slug!
You reach to attack!
You barely miss the goblin. You puncture the goblin!
You kill the goblin!
No target in view!
e - a scroll of fog You now have 112 gold pieces (gained 15).
You now have 130 gold pieces (gained 18).
You see here a +0 leather armour.
Found a stone staircase leading up.
There is a stone staircase leading up here.
An adder comes into view.
The adder hisses angrily.
You barely miss the adder. Your grab misses the adder.
The adder closely misses you.
You barely miss the adder. Your grab misses the adder. You squeeze the adder!
The adder barely misses you.
You miss the adder. Your grab misses the adder. The adder barely misses you.
The adder bites you.
You are poisoned.
The adder poisons you!
You take 2 damage, and have 29/31 hp.
You closely miss the adder. You grab the adder. You squeeze the adder.
You constrict the adder.
You feel sick. The adder barely misses you.
You take 2 damage, and have 27/31 hp.
You puncture the adder! You freeze the adder.
You kill the adder!
You feel sick.
No target in view!
You feel sick.
You feel sick.
You feel sick.
You are no longer poisoned.
Found a stone staircase leading down.
Health restored: 31 You now have 140 gold pieces (gained 10).
An orc priest comes into view. It is wielding a +0 hand axe.
An orc comes into view. It is wielding a +0 hand axe.
An orc priest comes into view. It is wielding a +0 dagger.
The orc priest shouts!
You hear a shout!
An orc comes into view. It is wielding a +0 dagger.
You reach to attack!
The orc priest shouts!
You hit the orc priest.
The orc priest evaporates and reforms as a naga!
You hear a shout!
The naga picks up a +0 hand axe.
The naga wields a +0 hand axe.
You reach to attack!
You hit the naga. You burn the naga. You closely miss the naga.
An orc comes into view. It is wielding a +0 hand axe.
You hit the naga. The naga hits you with a +0 hand axe. The naga grabs you.
The naga constricts you.
You take 8 damage, and have 23/31 hp.
MASSIVE DAMAGE!!
You hit the naga. You freeze the naga. Your squeeze misses the naga.
The naga hits you with a +0 hand axe! The naga constricts you.
* * * LOW HITPOINT WARNING * * *
The orc priest calls down the wrath of Beogh upon you.
Beogh smites you!
Ouch! That really hurt!
You die...

### ..# #o#
#o# ..#.##o#
#.#.##o#
#.#.##N#
#.#.##@#
#.#.##.#
#.#.##.#
#.#.##.#
#.#....#
###......#
............#
.#########..#
### #..#


You could see a naga, an orc priest and 3 orcs.

Vanquished Creatures
  5 adders
  2 worms (D:2)
  3 dart slugs
  4 orcs (D:3)
  6 ball pythons
  A bat (D:2)
  2 endoplasms
  2 giant cockroaches
  5 goblins
  A hobgoblin (D:2)
  A jackal (D:2)
  2 kobolds (D:1)
  2 quokkas
  5 frilled lizards
  7 rats
48 creatures vanquished.

Notes
Turn   | Place    | Note
-------+----------+-------------------------------------------
     0 | D:1      | sokol815 the Octopode Gladiator began the quest for the
                  | Orb.
     0 | D:1      | Reached XP level 1. HP: 14/14 MP: 1/1
   186 | D:1      | Reached XP level 2. HP: 19/19 MP: 2/2
   690 | D:2      | Reached XP level 3. HP: 25/25 MP: 3/3
   723 | D:2      | Reached skill level 4 in Polearms
   751 | D:2      | Found an iron altar of Okawaru.
   839 | D:2      | Found Dueckox's Weapon Shop.
   920 | D:2      | Identified the ring of Wouschiz {rF+ AC+4 Str+2 Dex+2}
  1115 | D:2      | Reached XP level 4. HP: 30/30 MP: 4/4
  1257 | D:3      | Reached skill level 3 in Fighting
  1503 | D:3      | an orc priest changed into a naga
  1503 | D:3      | Noticed a naga
  1507 | D:3      | HP: 7/31 [constriction (3)]
  1507 | D:3      | Killed from afar by an orc priest

Illustrated notes

Levels and vault maps discovered:
D:1:      mrwooster_arrival_statue_2, layout_loops_ring
D:2:      minmay_alternating_diamond, layout_rooms, serial_shops, shop,
          basic_altar, minmay_cut_off
D:3:      layout_loops_ring, minmay_misc_feat_chi

Skill      XL: |  1  2  3  4 |
---------------+-------------+-----
Polearms       | 4 |  4.7
Fighting       | 3 |  3.2
Throwing       | |  2.0
Dodging        | |  3.0

Action                     |  1- 3 |  4- 6 || total
---------------------------+-------+-------++-------
  Melee: Trident           |    62 |    40 ||   102
         Constrict         |    14 |     7 ||    21
         Tentacles         |    14 |     6 ||    20
  Throw: Javelin           |     1 |       ||     1
    Use: Scroll            |     1 |     7 ||     8
   Stab: Sleeping          |     5 |     1 ||     6
 Armour: Skin              |     8 |     5 ||    13
  Dodge: Dodged            |    23 |    19 ||    42

Table legend: (Time is in decaauts)
 A = Elapsed time spent in this place.
 B = Non-inter-level travel time spent in this place.
 C = Inter-level travel time spent in this place.
 D = Time resting spent in this place.
 E = Time spent auto-exploring this place.
 F = Levels seen in this place.
 G = Mean time per level.
                   A        B        C        D        E       F      G
               +--------+--------+--------+--------+--------+-----+--------+
         Total |   1517 |   1495 |     22 |     31 |   1184 |   3 |  505.7 |
       Dungeon |   1517 |   1495 |     22 |     31 |   1184 |   3 |  505.7 |
               +--------+--------+--------+--------+--------+-----+--------+

Top non-repeatable levels by time:
     D:1: 671 daAuts
     D:2: 562 daAuts
     D:3: 282 daAuts

Levels and vault maps discovered:
D:1:      mrwooster_arrival_statue_2, layout_loops_ring
D:2:      minmay_alternating_diamond, layout_rooms, serial_shops, shop,
          basic_altar, minmay_cut_off
D:3:      layout_loops_ring, minmay_misc_feat_chi

Table legend: (Time is in decaauts)
 A = Elapsed time spent in this place.
 B = Non-inter-level travel time spent in this place.
 C = Inter-level travel time spent in this place.
 D = Time resting spent in this place.
 E = Time spent auto-exploring this place.
 F = Levels seen in this place.
 G = Mean time per level.
                   A        B        C        D        E       F      G
               +--------+--------+--------+--------+--------+-----+--------+
         Total |   1517 |   1495 |     22 |     31 |   1184 |   3 |  505.7 |
       Dungeon |   1517 |   1495 |     22 |     31 |   1184 |   3 |  505.7 |
               +--------+--------+--------+--------+--------+-----+--------+

Top non-repeatable levels by time:
     D:1: 671 daAuts
     D:2: 562 daAuts
     D:3: 282 daAuts

Table legend:
 A = Kills in this place as a percentage of kills in the entire game.
 B = Kills by you in this place as a percentage of kills by you in the entire game.
 C = Kills by friends in this place as a percentage of kills by friends in the entire game.
 D = Other kills in this place as a percentage of other kills in the entire game.
 E = Experience gained in this place as a percentage of experience gained in the entire game.
 F = Experience gained in this place divided by the number of levels of this place that you have seen.
                   A       B       C       D       E      F
               +-------+-------+-------+-------+-------+----------------------
         Total | 100.0 | 100.0 |   N/A |   N/A | 100.0 |  51.0
       Dungeon | 100.0 | 100.0 |   N/A |   N/A | 100.0 |  51.0
               +-------+-------+-------+-------+-------+----------------------
